 Dungeon Crawl Stone Soup version 0.30-a0-777-ga9a30cbeda (webtiles) character file.

Game seed: 3776725062709876119

1432 Kenran the Grappler (level 8, -7/72 HPs)
             Began as an Armataur Fighter on Feb 14, 2023.
             Was an Initiate of Gozag.
             Engulfed by a cloud of steam (14 damage)
             ... on level 6 of the Dungeon.
             The game lasted 00:11:28 (5462 turns).

Kenran the Grappler (Armataur Fighter)              Turns: 5462, Time: 00:11:28

Health: -7/72      AC:  9    Str: 23    XL:     8   Next: 45%
Magic:  8/8        EV:  6    Int:  8    God:    Gozag
Gold:   545        SH:  8    Dex: 11    Spells: 7/7 levels left

rFire   . . .      SeeInvis .      - Unarmed
rCold   . . .      Faith    .    w - +0 kite shield
rNeg    . . .      Spirit   .    a - +0 scale mail
rPois   .          Reflect  .    (no helmet)
rElec   .          Harm     .    t - +0 cloak
rCorr   .          Roll     +    s - +0 pair of gloves
Will    .....                    (no barding) Stlth
                                 (no amulet)
HPRegen 0.32/turn                (no ring)
MPRegen 0.11/turn                (no ring)

@: gold aura
A: large, rugged brown scales 3, deformed body, armoured tail, roll, long
tongue, awkward tongue
a: Renounce Religion, Potion Petition, Call Merchant, Bribe Branch


You were on level 6 of the Dungeon.
You worshipped Gozag.
Gozag was pleased with you.
You visited 2 branches of the dungeon, and saw 7 of its levels.
You also visited: Sewer.

You collected 647 gold pieces.
You paid 102 gold pieces to Gozag.

Inventory:

Missiles
 v - a throwing net (quivered)
Armour
 a - a +0 scale mail (worn)
 s - a +0 pair of gloves (worn)
 t - a +0 cloak (worn)
 w - a +0 kite shield (worn)
Wands
 q - a wand of charming (12)
Scrolls
 b - a scroll of blinking {unknown}
 d - a scroll of enchant armour
 e - 2 scrolls of noise {unknown}
 h - 2 scrolls of vulnerability {!r}
 j - 3 scrolls of teleportation
 k - a scroll of fog
 m - 2 scrolls of immolation {!r}
 o - a scroll of silence {unknown}
 p - 2 scrolls of enchant weapon {unknown}
Potions
 c - 2 potions of haste
 f - 4 potions of mutation {!q}
 g - 3 potions of flight {unknown}
 i - 2 potions of lignification {unknown}
 l - a potion of berserk rage {unknown}
 n - a potion of heal wounds {unknown}
 r - a potion of cancellation {unknown}
 u - 2 potions of ambrosia {unknown}
 x - 2 potions of degeneration {unknown}
 z - a potion of resistance {unknown}


   Skills:
 - Level 5.0 Fighting
 - Level 5.0 Armour
 - Level 3.2 Shields
 * Level 8.1 Unarmed Combat
 - Level 2.0 Evocations


You had 7 spell levels left.
You didn't know any spells.
Your spell library contained the following spells:

 Spells                   Type           Power      Damage    Failure   Level
 Sandblast                Erth           0%         2d4       94%         1
 Passwall                 Tmut/Erth      0%         N/A       98%         2
 Static Discharge         Conj/Air       0%         2-2/arc   98%         2
 Ignite Poison            Fire/Tmut/Pois 0%         N/A       100%        3
 Kindle Blastsparks       Fire/Tloc/Air  0%         2d10      100%        3
 Stone Arrow              Conj/Erth      0%         3d7       100%        3
 Vhi's Electric Charge    Tloc/Air       0%         N/A       100%        3
 Fulminant Prism          Conj/Hex       0%         3d5       100%        4
 Iskenderun's Mystic Bla  Conj/Tloc      0%         2d3       100%        4
 Sticky Flame             Conj/Fire      0%         2d3       100%        4
 Arcjolt                  Conj/Air       0%         1d10      100%        5
 Lee's Rapid Deconstruct  Erth           0%         3d4*      100%        5
 Lightning Bolt           Conj/Air       0%         1d11      100%        5
 Ignition                 Fire           0%         3d3       100%        8


Dungeon Overview and Level Annotations

Branches:
Dungeon (6/15)             Temple (1/1) D:4           Sewer (visited)

Altars:
Ashenzari
Cheibriados
Dithmenos
Fedhas
Gozag
Hepliaklqana
Kikubaaqudgha
Makhleb
Nemelex Xobeh
Okawaru
Qazlal
Sif Muna
Trog
Uskayaw
Vehumet
Yredelemnul
Zin


Innate Abilities, Weirdness & Mutations

You are completely covered in rugged brown scales. (AC +3, +7% HP)
Armour fits poorly on your strangely shaped body.
You have a long armoured tail.
You roll when moving toward enemies. (Rampage)
Your long tongue fully drains potion bottles. (2x potion effects)
Your tongue gives you trouble enunciating. (1.5x scroll delay)


Message History

You hit the steam dragon.
The steam dragon is lightly wounded.
You are engulfed in a cloud of scalding steam.
The steam dragon bites you.
The steam dragon claws you but does no damage.
You closely miss the steam dragon.
The steam dragon is lightly wounded.
The steam dragon bites you. The steam dragon closely misses you.
You barely miss the steam dragon.
The steam dragon is lightly wounded.
You block the steam dragon's attack.
The steam dragon claws you but does no damage.
You hit the steam dragon. You tail-slap the steam dragon.
The steam dragon is moderately wounded.
You hit the steam dragon.
The steam dragon is heavily wounded.
An adder comes into view.
The steam dragon bites you.
The steam dragon claws you but does no damage.
The adder hisses angrily.
You hit the steam dragon. You tail-slap the steam dragon.
The steam dragon is almost dead.
The steam dragon breathes steam at you. The ball of steam hits you!!
You are too injured to fight recklessly!
You are too injured to fight recklessly!
You are too injured to fight recklessly!
An ice beast comes into view.
The steam dragon bites you. The steam dragon claws you.
* * * LOW HITPOINT WARNING * * *
You barely miss the steam dragon.
The steam dragon is almost dead.
The steam dragon breathes steam at you. The ball of steam hits you!
* * * LOW HITPOINT WARNING * * *
You punch the steam dragon!
You kill the steam dragon!
You are engulfed in a cloud of scalding steam.
You die...
Your body crumbles into a pile of gold.

#......####........
#..##### #§......#.
#..#######.#######
#........§§.#
#..#######..#
#..#######!.#
#...........#
#.##.####.§.# #.$@#
#..S....Y..
#...####### .....#
#....## #.#...
#.#### .


You could see an ice beast and an adder.

Vanquished Creatures
  A steam dragon (D:6)
  Pargi (Sewer)
  An orc warrior (D:4)
  A black bear (D:4)
  2 ogres
  A phantom (D:5)
  3 scorpions
  A gnoll sergeant (D:5)
  A water moccasin zombie (D:5)
  A bullfrog zombie (D:5)
  4 hounds
  3 orc priests (D:4)
  Crazy Yiuf (D:4)
  Jessica (D:2)
  An iguana (D:5)
  An orc wizard (D:4)
  9 gnolls
  6 adders
  A white imp (D:5)
  An ufetubus (D:4)
  3 worms
  5 dart slugs
  13 orcs
  8 endoplasms
  2 giant cockroaches (D:4)
  4 goblins
  3 hobgoblins
  8 jackals
  9 kobolds
  6 quokkas
  2 ball pythons
  11 bats
  A frilled lizard (D:1)
  9 rats
125 creatures vanquished.

Vanquished Creatures (others)
  An adder (D:6)
1 creature vanquished.

Grand Total: 126 creatures vanquished

Notes
Turn   | Place    | Note
-------+----------+-------------------------------------------
     0 | D:1      | Kenran the Armataur Fighter began the quest for the Orb.
     0 | D:1      | Reached XP level 1. HP: 19/19 MP: 1/1
    82 | D:1      | Reached skill level 2 in Unarmed Combat
   380 | D:1      | Reached XP level 2. HP: 26/26 MP: 2/2
   933 | D:2      | Noticed Jessica
   939 | D:2      | Killed Jessica
   940 | D:2      | Reached skill level 3 in Unarmed Combat
   940 | D:2      | Reached XP level 3. HP: 29/32 MP: 3/3
   958 | D:2      | Found a faded altar of an unknown god.
  1191 | D:2      | Reached XP level 4. HP: 23/40 MP: 4/4
  1489 | D:3      | You fall into a shaft and drop 1 floor!
  1508 | D:4      | Reached skill level 4 in Unarmed Combat
  1539 | D:4      | Found a glowing drain.
  1631 | Sewer    | Entered a sewer
  1650 | Sewer    | Noticed Pargi
  1662 | Sewer    | Killed Pargi
  1663 | Sewer    | Reached skill level 5 in Unarmed Combat
  1663 | Sewer    | Reached XP level 5. HP: 15/48 MP: 5/5
  1844 | D:4      | Found an ancient bone altar of Kikubaaqudgha.
  1902 | D:4      | Reached XP level 6. HP: 33/54 MP: 6/6
  2062 | D:3      | Noticed a moth of wrath
  2065 | D:3      | Found a bloodstained altar of Trog.
  2093 | D:3      | Identified the +1 dagger of Yxoguen {drain, rElec Dex+5}
  2186 | D:3      | Found a glowing silver altar of Zin.
  2258 | D:3      | Found a stormy altar of Qazlal.
  2906 | D:4      | Reached skill level 6 in Unarmed Combat
  3066 | D:4      | Found a staircase to the Ecumenical Temple.
  3099 | Temple   | Entered the Ecumenical Temple
  3176 | Temple   | Became a worshipper of Gozag Ym Sagoz the Greedy
  3203 | D:4      | Found a runed translucent door.
  3204 | D:4      | Noticed Crazy Yiuf
  3212 | D:4      | Killed Crazy Yiuf
  3312 | D:4      | Reached XP level 7. HP: 46/63 MP: 7/7
  3757 | D:5      | Entered Level 5 of the Dungeon
  3810 | D:4      | Reached skill level 1 in Evocations
  4126 | D:5      | Reached skill level 7 in Unarmed Combat
  4188 | D:5      | Reached XP level 8. HP: 42/71 MP: 8/8
  4624 | D:5      | Reached skill level 5 in Armour
  4646 | D:5      | Found a basalt altar of Yredelemnul.
  4966 | D:5      | Reached skill level 5 in Fighting
  5079 | D:5      | Reached skill level 8 in Unarmed Combat
  5277 | D:5      | Found a hazy altar of Hepliaklqana.
  5321 | D:5      | Found a shimmering blue altar of Sif Muna.
  5462 | D:6      | Engulfed by a cloud of steam

Illustrated notes

Levels and vault maps discovered:
D:1:      shiori_shiawase, layout_basic
D:2:      layout_rooms, dreamdust_ecumenical_altar_hidden_monk_grotto,
          chequers_mini_garden, kennysheep_generic_room_16, uniq_jessica
D:3:      layout_basic, nicolae_qazlal_general_emergency, tgw_trog, zin_academy,
          kennysheep_cluttered_room
D:4:      layout_loops_ring, lemuel_crystal_altar,
          minmay_temple_entry_butterflies, portal_sewer_entry_f,
          uniq_crazy_yiuf_cottage
D:5:      layout_loops_ring, worldfamousw_hep_ancestral_shrine,
          mainiacjoe_overflow_alcove_4, lemuel_zombie_altar_yredelemnul
D:6:      layout_loops_ring, nrook_pool_corridor, st_stairs_7, uniq_menkaure
Temple:   nicolae_temple_two_arcs

Skill      XL: |  1  2  3  4  5  6  7  8 |
---------------+-------------------------+-----
Unarmed Combat | 2 3 5 6 7 8 |  8.1
Fighting       | 3 4 5 |  5.0
Armour         | 4 5 |  5.0
Evocations     | 1 2 |  2.0
Shields        | |  3.2

Action                     |  1- 3 |  4- 6 |  7- 9 || total
---------------------------+-------+-------+-------++-------
  Melee: Unarmed           |   104 |   194 |   173 ||   471
         Tailslap          |     8 |    22 |    21 ||    51
    Use: Scroll            |     4 |       |     2 ||     6
         Potion            |     1 |     2 |       ||     3
 Armour: Scale mail        |    53 |    79 |    70 ||   202
  Dodge: Dodged            |    32 |    66 |    38 ||   136
  Block: Buckler           |    15 |    34 |    16 ||    65
         Kite shield       |       |       |    24 ||    24

Table legend: (Time is in decaauts)
 A = Elapsed time spent in this place.
 B = Non-inter-level travel time spent in this place.
 C = Inter-level travel time spent in this place.
 D = Time resting spent in this place.
 E = Time spent auto-exploring this place.
 F = Levels seen in this place.
 G = Mean time per level.
                   A        B        C        D        E       F      G
               +--------+--------+--------+--------+--------+-----+--------+
         Total |   5434 |   5296 |    138 |    972 |   2798 |   8 |  679.2 |
       Dungeon |   5182 |   5053 |    129 |    972 |   2682 |   6 |  863.7 |
        Temple |     87 |     78 |      9 |      0 |      4 |   1 |   87.0 |
         Sewer |    164 |    164 |      0 |      0 |    112 |   1 |  164.0 |
               +--------+--------+--------+--------+--------+-----+--------+

Top non-repeatable levels by time:
     D:4: 1461 daAuts
     D:5: 1347 daAuts
     D:1: 887 daAuts
     D:3: 882 daAuts
     D:2: 565 daAuts
   Sewer: 164 daAuts
  Temple: 87 daAuts
     D:6: 37 daAuts
